 Dungeon Crawl Stone Soup version 0.29.0-5-ge4962eb29e (webtiles) character file.

Game seed: 8891868898796882208

120 sanka the Chopper (level 5, -1/45 HPs)
             Began as a Meteoran Delver on Aug 28, 2022.
             Splashed by a jelly's acid (7 damage)
             ... on level 4 of the Dungeon.
             The game lasted 00:01:44 (240 turns).

sanka the Chopper (Meteoran Delver)                  Turns: 240, Time: 00:01:44

Health: -1/45      AC: -1    Str: 15    XL:     5   Next: 50%
Magic:  6/6        EV: 12    Int: 11    God:
Gold:   11         SH:  0    Dex: 16    Spells: 4/4 levels left

rFire   . . .      SeeInvis .   a - +0 hand axe
rCold   . . .      Faith    .   (no shield)
rNeg    . . .      Spirit   .   b - +0 leather armour
rPois   .          Reflect  .   (no helmet)
rElec   .          Harm     .   (no cloak)
rCorr   .          Rampage  .   (no gloves)
Will    .....                   (no boots)
Stlth   +.........              (no amulet)
HPRegen 0.15/turn               (no ring)
MPRegen 0.10/turn               (no ring)

@: corroded, glowing
A: sense surroundings 1, otherworldly, glowing, explore regen
a: no special abilities


You were on level 4 of the Dungeon.
You visited 1 branch of the dungeon, and saw 2 of its levels.

You collected 11 gold pieces.


Innate Abilities, Weirdness & Mutations

You passively map a small area around you.
You are easily found by Zot.
You glow in the dark.
You regain HP and MP as you explore.


   Skills:
 - Level 3.2 Fighting
 + Level 6.1 Axes
 - Level 2.4 Dodging
 - Level 3.7 Stealth


You had 4 spell levels left.
You didn't know any spells.
Your spell library contained the following spells:

 Spells                   Type           Power      Damage    Failure   Level
 Confusing Touch          Hex            0%         N/A       78%         3
 Yara's Violent Unravell  Hex/Tmut       0%         3d3       100%        5
 Enfeeble                 Hex            0%         N/A       100%        7

Inventory:

Hand Weapons
 a - a +0 hand axe (weapon)
Armour
 b - a +0 leather armour (worn)
Wands
 g - a wand of digging (3)
 i - a wand of iceblast (5)
Scrolls
 c - a scroll of fog
 d - a scroll of magic mapping
 e - a scroll of fear
 h - 2 scrolls of identify {unknown}
 j - a scroll of amnesia {unknown}
Potions
 f - a potion of haste {@q3}

Dungeon Overview and Level Annotations

Branches:
Dungeon (5/15) Zot: 955
 Temple: D:4-7

Altars:

....▒░ ▒▒..▒▒▒ ,
░.....▒▒▒▒...▒▒.
,
▒▒.............▒.
▒.. ▒...........
▒▒▒..
▒▒.....▒▒▒.. .
...▒ ▒▒..▒▒▒ ▒▒.
, ░ ... , ..▒▒
▒..▒▒ ▒.
.....▒▒▒..▒ ▒..▒
▒) ░ ......Jp..▒
▒.▒▒ ▒▒
......5..£▒▒▒▒.▒
░▒ ░
▒....▒▒▒▒▒.▒▒.▒▒
▒. , ▒▒.. ▒▒[▒.▒
▒▒ , ▒., ▒▒..▒ ▒░
▒..▒ ░ ░ ▒▒▒▒


You could see a jelly and an ufetubus.


Message History

You hit the jelly.
Your hands burn!
The jelly is lightly wounded.
The jelly hits you. The acid corrodes you!
You are splashed with acid!
You hit the jelly but do no damage.
Your hands burn!
The jelly is lightly wounded.
You barely miss the ufetubus. The ufetubus barely misses you.
The ufetubus hits you. The jelly hits you.
You are splashed with acid.
* * * LOW HITPOINT WARNING * * *
The ufetubus hits you.
* * * LOW HITPOINT WARNING * * *
The ufetubus completely misses you.
You hit the jelly.
Your hands burn!
* * * LOW HITPOINT WARNING * * *
The jelly is moderately wounded.
You hit the ufetubus. The ufetubus hits you.
* * * LOW HITPOINT WARNING * * *
The ufetubus closely misses you. The jelly hits you.
* * * LOW HITPOINT WARNING * * *
You are splashed with acid!
You die...

Action                   |  1- 3 |  4- 6 || total
-------------------------+-------+-------++-------
Melee: Hand axe          |    29 |    13 ||    42
Evoke: Wand              |     4 |       ||     4
Armor: Leather armour    |    10 |     4 ||    14
Dodge: Dodged            |    22 |     8 ||    30

Levels and vault maps discovered:
D:4:      layout_layer_cave, uniq_robin
D:5:      layout_basic, ebering_ghost_rock_garden, hangedman_decor_riveting,
          kennysheep_generic_room_11, uniq_duvessa

Notes
Turn   | Place    | Note
-------+----------+-------------------------------------------
     0 | D:5      | sanka the Meteoran Delver began the quest for the Orb.
     0 | D:5      | Reached XP level 1. HP: 19/19 MP: 2/2
    55 | D:5      | Reached skill level 3 in Axes
    55 | D:5      | Reached XP level 2. HP: 15/26 MP: 3/3
    62 | D:5      | Noticed a bullfrog
    65 | D:4      | Noticed a jelly
   116 | D:4      | Noticed a water moccasin
   121 | D:4      | Killed a water moccasin
   122 | D:4      | Reached skill level 6 in Axes
   122 | D:4      | Reached XP level 3. HP: 26/31 MP: 4/4
   122 | D:4      | Reached XP level 4. HP: 32/38 MP: 5/5
   122 | D:4      | Reached XP level 5. HP: 38/45 MP: 6/6
   240 | D:4      | Splashed by a jelly's acid

Vanquished Creatures
  A water moccasin (D:4)
  A giant cockroach (D:4)
  A goblin (D:4)
  6 jackals
  A kobold (D:4)
  A quokka (D:4)
  A ball python (D:4)
12 creatures vanquished.
